 Dungeon Crawl Stone Soup version 0.26.0-10-g1f06aea511 (webtiles) character file.

Game seed: 12248173198084572691

4315 night the Blocker (level 10, -14/65 HPs)
             Began as a Gargoyle Fighter on Jan 24, 2021.
             Was a Follower of Ru.
             Demolished by an orc warlord
             ... wielding a +1 dire flail of protection
              (44 damage)
             ... in a bailey.
             The game lasted 00:17:11 (6685 turns).

night the Blocker (Gargoyle Fighter)                Turns: 6685, Time: 00:17:12

Health: -14/65     AC: 28    Str: 24    XL:     10   Next: 33%
Magic:  19/19      EV:  6    Int:  8    God:    Ru [*.....]
Gold:   224        SH: 11    Dex:  9    Spells: 9/9 levels left

rFire    . . .     SeeInvis .   a - +5 eveningstar
rCold    . . .     Faith    +   c - +0 kite shield
rNeg     + . .     Spirit   .   s - +0 plate armour
rPois    ∞         Reflect  .   j - +0 helmet
rElec    +         Harm     .   B - +0 cloak
rCorr    .         Rampage  .   q - +2 pair of gloves
Will     .....                  y - +0 pair of boots
Stlth    ..........             f - amulet of faith
HPRegen  0.20/turn              g - ring of magical power
MPRegen  0.16/turn              t - +4 ring of slaying

@: brilliant, attractive, very slightly contaminated, invisible
A: negative energy resistance 1, electricity resistance, unbreathing,
petrification resistance, miasma immunity, no fire magic, no hexes magic, no
translocations magic, AC +7
a: Renounce Religion


You were in a bailey.
You worshipped Ru.
Ru was aware of your devotion.
You visited 2 branches of the dungeon, and saw 8 of its levels.
You also visited: Sewer and Bailey.

You collected 354 gold pieces.
You spent 130 gold pieces at shops.

Inventory:

Hand Weapons
 a - a +5 eveningstar (weapon)
 b - a +0 broad axe
 r - the +2 mace "Arcanum" {holy, rF+ Str+2}
   (You found it on level 7 of the Dungeon)

   It has been blessed by the Shining One to cause great damage to the undead
   and demons.
   It affects your strength (+2).
   It protects you from fire.
 x - a +1 morningstar of holy wrath
 E - a +1 whip of electrocution
Armour
 c - a +0 kite shield (worn)
 j - a +0 helmet (worn)
 q - a +2 pair of gloves (worn)
 s - a +0 plate armour (worn)
 y - a +0 pair of boots (worn)
 B - a +0 cloak (worn)
Jewellery
 f - an amulet of faith (around neck)
 g - a ring of magical power (left hand)
 h - a +6 ring of strength {unknown}
 t - a +4 ring of slaying (right hand)
 C - an uncursed ring of willpower {unknown}
 D - an uncursed amulet of regeneration {unknown}
Wands
 e - a wand of polymorph (16)
 o - a wand of paralysis (8)
 w - a wand of random effects (12)
Scrolls
 i - 7 scrolls of teleportation
 k - 11 scrolls of identify
 m - 3 scrolls of amnesia
 G - a scroll of blinking
 H - a scroll of enchant armour
Potions
 d - 2 potions of might
 l - 3 potions of attraction
 n - 3 potions of brilliance
 p - 2 potions of mutation
 v - 8 potions of curing
 z - 2 potions of magic
 A - 6 potions of heal wounds {unknown}
 F - a potion of haste {unknown}


   Skills:
 + Level 8.6 Fighting
 - Level 3.5(5.3) Axes
 + Level 6.7(7.2) Maces & Flails
 + Level 8.6 Armour
 + Level 8.7 Shields


You had 9 spell levels left.
You didn't know any spells.
Your spell library was empty.

Dungeon Overview and Level Annotations

Branches:
Dungeon (7/15)             Temple (1/1) D:6           Sewer (visited)
 Bailey (1/1)

Altars:
Ashenzari
Cheibriados
Dithmenos
Elyvilon
Fedhas
Gozag
Hepliaklqana
Kikubaaqudgha
Makhleb
Nemelex Xobeh
Okawaru
Qazlal
Ru
Sif Muna
Trog
Uskayaw
Vehumet
Wu Jian
Xom
Yredelemnul
Zin
The Shining One

Shops:
D:4 *:


Innate Abilities, Weirdness & Mutations

You are resistant to torment.
Your stone body is resilient. (AC +7)
You are immune to poison.
You resist negative energy. (rN+)
You are resistant to electric shocks. (rElec)
You can survive without breathing.
You are immune to petrification.
You are immune to miasma.
You cannot study or cast Fire magic.
You cannot study or cast Hexes magic.
You cannot study or cast Translocations magic.


Message History

You are very lightly contaminated with residual magic.
You sock the orc knight!
The orc knight is moderately wounded.
You puncture the orc knight!
The orc knight is heavily wounded.
The orc knight hits you with a +0 war axe!!
You closely miss the orc knight.
The orc knight is heavily wounded.
You block the orc knight's attack.
You catch the helpless orc knight completely off-guard!
You thump the orc knight!
The orc knight is severely wounded.
You bludgeon the orc warlord!!
The orc warlord is moderately wounded.
The orc warlord hits you with a +1 dire flail of protection!
You hit the orc warlord.
The orc warlord is moderately wounded.
The orc warlord hits you with a +1 dire flail of protection!!!
Ouch! That really hurt!
You die... ##.)...## ##.....## ##'####...........####)## ##.....##.........##..)))## #.......#.........#.......# ##.......##.ogggo.##.......## #.........# ogogo #.........# ##.........## ooo

##.........##
#.....⌠.....###o###.....⌠.....#
##.....)...##88@88##.........##
#.........#.......#.........#
##.......##.......##)......##
#.......).........).......#
##.....##)........##.....##
#######.....⌠.....#######
##.........## #.........#
##.......##


You could see an orc warlord (strong), 2 orc knights, 4 orc warriors, 2 orcs, 2
hobgoblins and 3 goblins.

Vanquished Creatures
  Pikel (D:7)
  An orc knight (Bailey)
  Eustachio (D:4)
  Duvessa (D:6)
  9 orc warriors
  A sky beast (D:5)
  2 ogres
  2 centaurs (D:5)
  A necrophage (D:5)
  A phantom (D:4)
  A lemure (D:7)
  4 bullfrogs
  Dowan (D:6)
  4 scorpions
  8 wights
  A howler monkey (D:4)
  2 hounds
  A jelly (D:6)
  Crazy Yiuf (D:7)
  A gnoll shaman (D:6)
  2 orc wizards
  A centaur skeleton (D:4)
  Ijyb (D:3)
  An iguana (D:5)
  3 worker ants (D:5)
  Natasha (thrice) (D:4)
  15 gnolls
  11 adders
  A white imp (D:7)
  An ooze (D:3)
  An adder zombie (D:5)
  2 worms (D:2)
  4 dart slugs
  9 leopard geckos
  23 orcs
  4 bats
  4 giant cockroaches
  24 goblins
  22 hobgoblins
  16 jackals
  3 quokkas
  9 ball pythons
  10 frilled lizards
  A giant cockroach zombie (D:5)
  12 kobolds
  7 rats
234 creatures vanquished.

Vanquished Creatures (others)
  18 plants (Sewer)
18 creatures vanquished.

Grand Total: 252 creatures vanquished

Notes
Turn   | Place    | Note
-------+----------+-------------------------------------------
     0 | D:1      | night the Gargoyle Fighter began the quest for the Orb.
     0 | D:1      | Reached XP level 1. HP: 14/14 MP: 1/1
    43 | D:1      | Reached XP level 2. HP: 19/19 MP: 2/2
   160 | D:1      | Reached XP level 3. HP: 21/23 MP: 3/3
   243 | D:1      | Found a snail-covered altar of Cheibriados.
   782 | D:2      | Reached XP level 4. HP: 11/29 MP: 4/4
  1192 | D:2      | Found a hide-covered altar of Uskayaw.
  2003 | D:3      | Reached XP level 5. HP: 33/33 MP: 5/5
  2046 | D:3      | Found a glowing drain.
  2051 | Sewer    | Entered a sewer
  2778 | D:4      | Noticed Ijyb
  2793 | D:3      | Killed Ijyb
  2826 | D:4      | Found Imoit's Lightly-Used Armoury.
  2867 | D:4      | Noticed a phantom
  2887 | D:4      | Killed a phantom
  2888 | D:4      | Reached skill level 1 in Maces & Flails
  2888 | D:4      | Reached XP level 6. HP: 39/39 MP: 6/6
  3004 | D:4      | Noticed Natasha
  3012 | D:4      | Killed Natasha
  3081 | D:4      | Noticed Natasha
  3089 | D:4      | Killed Natasha
  3090 | D:4      | Reached XP level 7. HP: 42/44 MP: 7/7
  3109 | D:4      | Bought a -1 eveningstar for 130 gold pieces
  3188 | D:4      | Reached skill level 5 in Shields
  3211 | D:4      | Reached skill level 5 in Fighting
  3211 | D:4      | Reached skill level 5 in Armour
  3425 | D:4      | Noticed Eustachio
  3472 | D:4      | Killed Eustachio
  3646 | D:4      | Found Xoifou's Book Shoppe.
  3753 | D:4      | Noticed Natasha
  3766 | D:4      | Killed Natasha
  4182 | D:5      | Entered Level 5 of the Dungeon
  4200 | D:5      | Reached XP level 8. HP: 50/50 MP: 8/8
  4844 | D:6      | Noticed Dowan
  4846 | D:6      | Noticed Duvessa
  5110 | D:5      | Reached XP level 9. HP: 54/56 MP: 9/9
  5166 | D:5      | Reached skill level 5 in Maces & Flails
  5187 | D:6      | Killed Duvessa
  5285 | D:6      | Killed Dowan
  5396 | D:6      | Found a staircase to the Ecumenical Temple.
  5401 | Temple   | Entered the Ecumenical Temple
  5658 | Temple   | Became a worshipper of Ru the Awakened
  5894 | D:7      | Found a runed translucent door.
  5895 | D:7      | Noticed Crazy Yiuf
  5903 | D:7      | Killed Crazy Yiuf
  5915 | D:7      | Got a faintly glowing mace
  5915 | D:7      | Identified the +2 mace "Arcanum" {holy, rF+ Str+2} (You
                  | found it on level 7 of the Dungeon)
  6135 | D:7      | Noticed Pikel
  6145 | D:7      | Killed Pikel
  6337 | D:7      | Found a flagged portal.
  6347 | Bailey   | Entered a bailey
  6450 | Bailey   | Reached XP level 10. HP: 62/64 MP: 10/10
  6477 | Bailey   | Noticed an orc knight
  6491 | Bailey   | Gained mutation: You cannot study or cast Fire magic. [Ru
                  | sacrifice]
  6491 | Bailey   | Gained mutation: You cannot study or cast Hexes magic. [Ru
                  | sacrifice]
  6491 | Bailey   | Gained mutation: You cannot study or cast Translocations
                  | magic. [Ru sacrifice]
  6491 | Bailey   | Reached * piety under Ru
  6494 | Bailey   | Killed an orc knight
  6674 | Bailey   | Noticed an orc warlord
  6674 | Bailey   | Noticed an orc knight
  6675 | Bailey   | Noticed an orc knight
  6685 | Bailey   | Demolished by an orc warlord

Illustrated notes

Levels and vault maps discovered:
D:1:      minmay_arrival_doors, layout_loops_ring, grunt_decor_one_mirror,
          cheibriados_altar_1
D:2:      layout_loops_ring, eat_drink_and_be_merry_uskayaw, feat_on_display
D:3:      layout_loops_cross, gup_sewer_entry_bowl
D:4:      layout_basic, serial_shops, kennysheep_mini_moat, minmay_shop_damaged,
          uniq_natasha, uniq_ijyb, uniq_eustachio
D:5:      layout_rooms
D:6:      layout_rooms, temple_doors_e, uniq_duvessa
D:7:      layout_loops_ring, enter_bailey_3, chequers_arboretum,
          uniq_crazy_yiuf_cottage, uniq_pikel
Temple:   nicolae_temple_the_god_donut
Bailey:   bailey_axe_minmay_hex_keep, bailey

Skill      XL: |  1  2  3  4  5  6  7  8  9 |
---------------+----------------------------+-----
Axes           | 2 3 |  3.5
Fighting       | 4 5 6 8 |  8.6
Shields        | 4 5 6 8 |  8.7
Armour         | 4 5 6 8 |  8.6
Maces & Flails | 1 3 4 6 |  6.7

Action                   |  1- 3 |  4- 6 |  7- 9 | 10-12 || total
-------------------------+-------+-------+-------+-------++-------
Melee: War axe           |    97 |   203 |    22 |       ||   322
       Eveningstar       |       |       |   346 |    77 ||   423
       Morningstar       |       |       |     7 |       ||     7
       Broad axe         |       |       |       |     4 ||     4
Invok: Sacrifice Arcana  |       |       |       |     1 ||     1
Evoke: Wand              |       |       |     2 |       ||     2
  Use: Scroll            |       |       |    16 |     1 ||    17
       Potion            |       |       |       |     4 ||     4
 Stab: Invisible         |       |       |       |     1 ||     1
Armor: Scale mail        |    57 |    31 |       |       ||    88
       Plate armour      |       |    73 |   316 |    42 ||   431
       Skin              |       |     4 |       |       ||     4
Dodge: Dodged            |    23 |    39 |    94 |    17 ||   173
Block: Kite shield       |    63 |    99 |   224 |    39 ||   425
